Map: Royal Blood LE

Players

Metamyth - Winner!

  • Race: Zerg Zerg
  • League: Master
  • Spawn Location: 1:00

Adax

  • Race: Zerg Zerg
  • League: Diamond
  • Spawn Location: 7:00

VOD

Have the link to the VOD?

Description

Time

  • Played on: March 16, 2023, 6:23 p.m.
  • Length: 11:17
Show
View Real Time Build Order
Export as new Build Order

Metamyth Zerg - Winner!

Build Orders: Hatch First, Swarm Host 

Get SALT Encoding   

  12  0:00  Drone  
  13  0:12  Overlord  
  13  0:19  Drone  
  14  0:31  Drone x2  
  16  0:50  Hatchery  
  16  0:52  Drone  
  16  0:55  Drone  
  17  0:58  Drone  
  18  1:09  Extractor  
  17  1:13  Spawning Pool  
  17  1:16  Drone  
  17  1:20  Drone  
  18  1:28  Drone  
  19  1:40  Drone  
  20  1:49  Overlord  
  20  2:02  Queen x2  
  20  2:03  Zergling x4  
  24  2:12  Spine Crawler  
  23  2:20  Zergling x2  
  24  2:26  Zergling x4  
  26  2:32  Zergling x2  
  23  2:57  Zergling x4  
  23  2:58  Zergling x8  
  23  3:14  Zergling x4  
  23  3:15  Queen  
  27  3:24  Zergling x4  
  24  3:35  Zergling x2  
  24  3:36  Zergling x6  
  25  3:48  Zergling x4  
  25  3:58  Queen  
  25  4:05  Zergling x4  
  25  4:06  Zergling x4  
  28  4:31  Hatchery  
  27  4:39  Drone x2  
  29  4:49  Baneling Nest  
  29  4:51  Drone  
  29  4:54  Overlord  
  29  4:55  Overlord  
  29  5:08  Metabolic Boost  
  29  5:15  Drone  
  29  5:16  Drone x2  
  32  5:23  Drone x2  
  34  5:29  Drone  
  34  5:34  Drone  
  36  5:37  Baneling  
  36  5:38  Baneling  
  36  5:46  Drone x2  
  38  5:54  Drone  
  39  6:01  Drone x3  
  39  6:03  Lair, Extractor  
  41  6:08  Drone x2  
  43  6:15  Drone  
  43  6:16  Queen  
  46  6:24  Drone  
  46  6:25  Drone x3  
  50  6:33  Overlord x2  
  50  6:37  Drone  
  51  6:41  Extractor, Drone  
  51  6:44  Overlord  
  51  6:54  Evolution Chamber  
  51  6:55  Evolution Chamber  
  51  7:00  Spine Crawler  
  48  7:02  Spine Crawler  
  48  7:04  Spine Crawler  
  46  7:08  Drone x2  
  46  7:09  Drone x3  
  51  7:18  Drone x3  
  54  7:34  Infestation Pit  
  53  7:37  Extractor  
  53  7:38  Drone x5, Roach Warren  
  53  7:39  Drone  
  53  7:42  Overseer  
  57  7:54  Drone x2  
  57  7:55  Drone x6  
  65  8:01  Spine Crawler  
  65  8:03  Pneumatized Carapace  
  64  8:13  Overlord x2  
  64  8:14  Overlord  
  64  8:22  Swarm Host x3  
  73  8:32  Swarm Host  
  73  8:33  Swarm Host x2  
  82  8:44  Zerg Ground Armor Level 1  
  82  8:45  Swarm Host x2  
  88  9:07  Nydus Network  
  87  9:17  Swarm Host x3  
  96  9:35  Hatchery  
  96  9:36  Glial Reconstitution  
  96  9:38  Roach x2  
  99  9:39  Overlord x5  
  99  9:51  Nydus Canal  
  99  9:54  Overlord x2  
  97  10:01  Roach x5  
  102  10:28  Roach  
  102  10:29  Roach x5  
  108  10:43  Roach x5  
  108  10:44  Roach  
  112  10:50  Spine Crawler  
  112  10:52  Spine Crawler  
Show
View Real Time Build Order
Export as new Build Order

Adax Zerg 

Build Orders: 1 Base Baneling Bust, Pool First, Zergling Baneling 

Get SALT Encoding   

  12  0:15  Extractor  
  12  0:19  Spawning Pool  
  10  0:24  Drone  
  11  0:30  Drone  
  11  0:35  Drone  
  13  0:46  Overlord  
  13  1:08  Zergling x6  
  16  1:18  Metabolic Boost  
  16  1:19  Zergling x2  
  17  1:31  Zergling x2  
  18  1:39  Baneling Nest  
  17  1:41  Zergling x2  
  18  1:51  Zergling x2  
  19  2:04  Zergling x2  
  20  2:20  Zergling x2  
  21  2:26  Zergling x2  
  21  2:29  Baneling x4  
  22  2:46  Hatchery  
  19  2:57  Zergling x6  
  21  3:05  Baneling  
  21  3:11  Zergling x2  
  22  3:14  Baneling  
  20  3:36  Zergling x4  
  18  3:47  Baneling  
  18  3:48  Baneling  
  18  3:50  Zergling x2  
  14  4:17  Drone x3  
  14  4:22  Queen  
  19  4:37  Baneling  
  19  4:38  Baneling x2  
  19  4:45  Overlord  
  19  4:50  Overlord  
  19  5:08  Queen  
  19  5:09  Drone x4  
  25  5:25  Evolution Chamber  
  25  5:26  Evolution Chamber  
  23  5:38  Roach Warren  
  22  5:48  Drone  
  22  5:49  Drone x3  
  26  5:59  Drone  
  26  6:02  Overlord  
  27  6:16  Overlord  
  27  6:20  Drone x3  
  27  6:22  Drone  
  31  6:31  Lair  
  31  6:39  Drone x2  
  33  6:40  Drone  
  33  6:42  Drone  
  33  6:45  Drone  
  36  6:55  Zerg Missile Weapons Level 1  
  36  6:57  Zerg Ground Armor Level 1  
  36  7:06  Drone x4  
  40  7:11  Extractor  
  40  7:14  Extractor  
  40  7:15  Extractor, Drone x3  
  40  7:25  Overlord x2  
  40  7:27  Overlord  
  40  7:31  Glial Reconstitution  
  40  7:36  Drone  
  40  7:37  Drone x2  
  43  7:43  Drone  
  43  7:44  Drone x2  
  46  7:45  Drone  
  46  7:46  Drone  
  46  7:48  Drone  
  49  8:08  Hydralisk Den, Drone  
  49  8:25  Overlord  
  49  8:28  Roach  
  49  8:29  Roach x5  
  61  8:36  Roach x2  
  65  8:44  Hydralisk x2  
  69  8:50  Grooved Spines  
  69  8:52  Hydralisk x3  
  75  9:00  Overlord  
  75  9:01  Overlord x2  
  75  9:14  Overlord x3  
  75  9:16  Overlord x2  
  75  9:22  Hydralisk  
  75  9:23  Roach x2, Hydralisk x2  
  85  9:32  Hydralisk  
  85  9:36  Hydralisk  
  89  9:42  Hydralisk  
  89  9:43  Roach x2, Hydralisk  
  97  9:55  Hydralisk x2  
  97  9:56  Roach x2  
  105  10:03  Ravager x2  
  101  10:26  Ravager x3  
Tags
 
Add a new tag
Caveats
  • Supply blocks, unpowered buildings, or Contaminate may cause inaccurate times.
  • Supply counts are checked every 10 seconds.